 Dungeon Crawl Stone Soup version 0.17.0-28-g6e173f8 (webtiles) character file.

112008 oshikia the Black Belt (level 16, -2/190 HPs)
             Began as a Demonspawn Gladiator on Nov 24, 2015.
             Was an Initiate of Gozag.
             Slain by a frost giant
             ... wielding a +1 battleaxe of freezing
              (12 damage)
             ... in an ice cave.
             The game lasted 01:20:04 (22473 turns).

oshikia the Black Belt (Demonspawn Gladiator)      Turns: 22473, Time: 01:20:06

Health: -2/190     AC: 19    Str: 22    XL:     16   Next: 10%
Magic:  0/35       EV: 21    Int: 12    God:    Gozag
Gold:   1815       SH:  4    Dex: 21    Spells: 3 memorised, 27 levels left

rFire  . . .     SeeInvis +       - Unarmed
rCold  . . .     Clarity  .     B - +4 moon troll leather armour {Spirit, Regen++ MP+5}
rNeg   + . .     SustAt   +     (no shield)
rPois  .         Gourm    .     G - +1 helmet {SInv}
rElec  +         Spirit   +     w - +1 cloak "Amem" {rElec Dex+4}
rCorr  .         Warding  .     (gloves unavailable)
rMut   .         Stasis   .     F - +2 pair of boots {run}
MR     +....                    b - amulet of regeneration
Stlth  ..........               l - +2 ring of slaying
                                M - ring of sustain attributes

@: berserking, studying Polearms, very quick, somewhat resistant to hostile
enchantments, extremely unstealthy
A: claws 3, large bone plates 3, deformed body, negative energy resistance 1,
nightstalker 2, spiny 2, wild magic 1
a: Potion Petition, Call Merchant, Bribe Branch, Renounce Religion


You were in an ice cave.
You worshipped Gozag.
Gozag was noncommittal.
You were not hungry.

You visited 3 branches of the dungeon, and saw 24 of its levels.
You also visited: Labyrinth and Ice Cave.

You collected 9109 gold pieces.
You spent 834 gold pieces at shops.
You paid 6460 gold pieces to Gozag.

Inventory:

Hand Weapons
 E - a +8 scimitar of flaming
Missiles
 c - 7 throwing nets (quivered)
Armour
 w - the +1 cloak "Amem" (worn) {rElec Dex+4}
   (You bought it in a shop on level 13 of the Dungeon)

   It affects your dexterity (+4).
   It insulates you from electricity.
 B - the +4 moon troll leather armour (worn) {Spirit, Regen++ MP+5}
   (You found it on level 7 of the Dungeon)

   It affects your magic capacity (+5).
   It increases your rate of regeneration.
 F - a +2 pair of boots of running (worn)
 G - a +1 helmet of see invisible (worn)
Jewellery
 b - an amulet of regeneration (around neck)
 l - a +2 ring of slaying (right claw)
 s - an uncursed ring of protection from magic
 A - an uncursed ring of flight
 M - a ring of sustain attributes (left claw)
 N - an uncursed ring of positive energy
 S - an uncursed ring of protection from magic
 X - an uncursed amulet of resist corrosion
Wands
 a - a wand of teleportation (4)
 g - a wand of cold (0)
 t - a wand of lightning (10)
 u - a wand of cold (3)
 K - a wand of disintegration (15)
 O - a wand of disintegration (12)
 V - a wand of cold (10)
Scrolls
 e - 10 scrolls of remove curse
 h - 23 scrolls of identify
 i - a scroll of magic mapping
 j - 5 scrolls of recharging
 n - 2 scrolls of blinking
 o - 3 scrolls of fog
 q - 2 scrolls of brand weapon
 y - 3 scrolls of enchant armour
 H - 7 scrolls of teleportation
 J - 4 scrolls of summoning
Potions
 C - 8 potions of curing
 D - 3 potions of resistance
 I - 2 potions of agility
 L - a potion of might
 R - a potion of haste
 Y - a potion of magic
Books
 f - a book of Ice

   Spells                             Type                      Level
   a - Ice Form                       Ice/Transmutation            4
   b - Metabolic Englaciation         Hexes/Ice                    5
   c - Ozocubu's Refrigeration        Ice                          6
   d - Bolt of Cold                   Conjuration/Ice              6
   e - Freezing Cloud                 Conjuration/Ice/Air          6
   f - Simulacrum                     Ice/Necromancy               6
 p - a manual of Polearms
 r - a book of Frost

   Spells                             Type                      Level
   a - Freeze                         Ice                          1
   b - Throw Frost                    Conjuration/Ice              2
   c - Ozocubu's Armour               Charms/Ice                   3
   d - Throw Icicle                   Conjuration/Ice              4
   e - Summon Ice Beast               Ice/Summoning                4
   f - Condensation Shield            Ice                          4
 Q - a book of Air

   Spells                             Type                      Level
   a - Shock                          Conjuration/Air              1
   b - Swiftness                      Charms/Air                   2
   c - Repel Missiles                 Charms/Air                   2
   d - Static Discharge               Conjuration/Air              3
   e - Lightning Bolt                 Conjuration/Air              5
Comestibles
 d - 19 bread rations
 k - 10 meat rations
 v - 15 royal jellies


   Skills:
 + Level 12.3 Fighting
 - Level 1.7 Throwing
 + Level 6.8 Armour
 + Level 9.8 Dodging
 + Level 5.1 Stealth
 * Level 15.4 Unarmed Combat
 * Level 10.5 Spellcasting
 + Level 5.5 Charms
 + Level 8.5 Ice Magic


You had 27 spell levels left.
You knew the following spells:

 Your Spells              Type           Power        Failure   Level  Hunger
a - Ozocubu's Armour      Chrm/Ice       ####....     5%          3    ##.....
b - Condensation Shield   Ice            #####.....   11%         4    ####...
c - Repel Missiles        Chrm/Air       ###...       19%         2    None


Dungeon Overview and Level Annotations

Branches:
Dungeon (15/15) Temple (0/1) D:6 Lair (8/8) D:8 Swamp (0/4) Lair:4 Spider (0/4) Lair:4 Slime (0/6) Lair:8 Orc (1/4) D:9 Vaults (0/5) D:12 D:13 Depths (0/5) D:15

Altars:
Cheibriados
Dithmenos
Elyvilon
Gozag
Kikubaaqudgha
Nemelex Xobeh
Qazlal
Ru
Sif Muna
Trog
Xom
Yredelemnul
Zin
The Shining One

Shops:
D:6 ?[??[   D:8 =*   D:9 *   D:13 [   Lair:1 [   Lair:2 [

Portals:
Trove: D:11 (give 6 potions of haste)

Annotations:
D:3 Sigmund
D:4 EternalSandwich's ghost, amateur TrMo


Innate Abilities, Weirdness & Mutations

You have claws for hands.
You are completely covered in large bone plates (AC +4, SH +4).
You resist negative energy.
You are significantly more attuned to the shadows.
You are mostly covered in sharp spines.
Armour fits poorly on your strangely shaped body.
Your spells are a little harder to cast, but a little more powerful.


Message History

The polar bear closely misses you. You block the yak's attack.
You claw the frost giant! You claw the frost giant.
The frost giant is almost dead.
The polar bear closely misses you. You block the polar bear's attack.
The polar bear claws you.
* * * LOW HITPOINT WARNING * * *
The frost giant gestures at you while chanting.
The bolt of cold hits you!
* * * LOW HITPOINT WARNING * * *
The polar bear is distracted by the nearby gold.
The polar bear growls angrily.
Drink which item? (? for menu, Esc to quit)
A red film seems to cover your vision as you go berserk!
You feel yourself moving faster!
You feel mighty! The yak is struck by your spines.
The yak gores you but does no damage.
The frost giant hits you with a battleaxe of freezing!!
* * * LOW HITPOINT WARNING * * *
The frost giant freezes you!
You die...
Your body crumbles into a pile of gold.

##########
###...##...#######
#h@.##...##...#..#$
#hYYC##########..#
# ...hh## #..#####
...h# ##..##.. ##..
###...# ##. #####
≈≈ ≈≈ ≈


You could see a frost giant, 5 polar bears and 2 yaks.

Vanquished Creatures
  Rupert (D:12)
  Gastronok (Lair:3)
  Nessos (D:12)
  The ghost of EternalSandwich the Basher, a journeyman TrMo (IceCv)
  The ghost of Sovek the Bludgeoner, a journeyman OgBe of Trog (Lair:2)
  A minotaur (Lab)
  Harold (D:11)
  12 hydras
  An ice dragon (Lair:6)
  4 centaur warriors
  Erica (D:8)
  5 catoblepae
  The ghost of armedan the Blocker, a novice MiFi of Makhleb (D:8)
  An ogre mage (D:15)
  A queen ant (Lair:6)
  A tengu warrior (D:14)
  14 death yaks
  Sonja (D:15)
  Nergalle (D:11)
  4 unseen horrors
  3 skeletal warriors
  A flayed ghost (D:15)
  A golden dragon zombie (D:15)
  A wolf spider zombie (D:13)
  Pikel (D:5)
  An orc knight (D:13)
  2 necromancers
  A wizard (D:14)
  9 ugly things
  4 hill giants
  2 manticores
  2 black mambas
  2 cyclopes
  3 griffons
  16 elephants
  A torpor snail (Lair:8)
  An ice statue (IceCv)
  6 gargoyles
  A spriggan zombie (D:15)
  The ghost of EternalSandwich the Stinger, a novice NaTm (D:3)
  Psyche (D:9)
  9 spiny frogs
  2 efreet (D:15)
  8 komodo dragons
  13 polar bears
  A queen bee (Lair:1)
  2 fire drakes (Lair:5)
  7 trolls
  Grinder (D:3)
  2 two-headed ogres
  A harpy zombie (D:15)
  A minotaur skeleton (Lab)
  23 blink frogs
  A hornet zombie (D:15)
  8 slime creatures
  2 spriggans
  A wyvern (D:15)
  A deep elf mage (D:13)
  An ettin skeleton (D:15)
  3 trapdoor spiders
  61 yaks
  6 basilisks
  2 wraiths (D:15)
  Eustachio (D:5)
  A hill giant zombie (D:9)
  16 humans
  4 hippogriffs
  A shadow (D:12)
  3 hungry ghosts
  18 wolves
  2 vampire mosquitoes (D:15)
  A steam dragon (D:8)
  3 mottled dragons
  A human zombie (D:15)
  7 soldier ants
  Duvessa (D:6)
  17 water moccasins
  7 orc warriors
  4 porcupines
  A sky beast (D:7)
  2 black bears
  10 ice beasts
  2 necrophages
  6 phantoms
  2 wasps
  13 centaurs
  3 eyes of draining
  13 ogres
  13 crocodiles
  A big kobold (D:10)
  A gnoll sergeant (D:8)
  A water moccasin zombie (D:11)
  14 giant frogs
  Dowan (D:6)
  A wyvern skeleton (D:10)
  2 troll zombies (D:9)
  2 electric eels
  5 scorpions
  2 spriggan skeletons (Lab)
  A water moccasin skeleton (D:7)
  29 killer bees
  3 crimson imps
  8 hounds
  3 giant frog zombies
  16 jellies
  5 centaur skeletons
  3 centaur zombies
  7 orc priests
  3 giant frog skeletons
  2 quasits
  5 iguanas
  14 orc wizards
  Terence (D:3)
  28 worker ants
  5 ogre zombies (D:9)
  A hound zombie (D:6)
  49 sheep
  4 hound skeletons
  A worker ant zombie (D:5)
  6 gnolls (D:8)
  14 adders
  63 river rats
  4 shadow imps
  2 oozes
  4 worms
  3 adder skeletons
  A giant gecko (D:2)
  53 orcs
  3 giant cockroaches
  9 goblins
  6 hobgoblins
  4 jackals (D:10)
  9 kobolds
  4 quokkas
  2 ball pythons
  10 bats
  2 giant newts (D:1)
  2 goblin skeletons (D:9)
  2 goblin zombies (D:9)
  2 hobgoblin skeletons (D:9)
  A hobgoblin zombie (D:9)
  A jackal skeleton (D:7)
  3 orc skeletons (D:9)
  15 orc zombies (D:9)
  A quokka skeleton (D:7)
  7 rats
  A spectral orc (D:9)
  A fungus (Lair:8)
875 creatures vanquished.

Vanquished Creatures (others)
  A two-headed ogre (D:11)
  A polar bear (IceCv)
  An orc wizard (D:5)
  An orc (D:5)
  6 fungi
  10 plants
20 creatures vanquished.

Grand Total: 895 creatures vanquished

Notes
Turn   | Place    | Note
--------------------------------------------------------------
     0 | D:1      | oshikia the Demonspawn Gladiator began the quest for the Orb.
     0 | D:1      | Reached XP level 1. HP: 16/16 MP: 1/1
   119 | D:1      | Reached skill level 3 in Unarmed Combat
   171 | D:1      | Gained mutation: You are slightly more attuned to the shadows. [demonic ancestry]
   171 | D:1      | Reached XP level 2. HP: 16/23 MP: 2/2
   534 | D:1      | You fall through a shaft!
   571 | D:2      | Gained mutation: You are partially covered in large bone plates (AC +2, SH +2). [demonic ancestry]
   571 | D:2      | Reached XP level 3. HP: 23/28 MP: 3/3
   826 | D:2      | Found a sacrificial altar of Ru.
  1794 | D:3      | Found an opulent altar of Gozag.
  1848 | D:3      | Noticed EternalSandwich's ghost (novice NaTm)
  1879 | D:3      | Became a worshipper of Gozag Ym Sagoz the Greedy
  1983 | D:3      | Killed EternalSandwich's ghost
  1983 | D:3      | Reached skill level 4 in Fighting
  1983 | D:3      | Reached skill level 5 in Unarmed Combat
  1983 | D:3      | Gained mutation: You are mostly covered in large bone plates (AC +3, SH +3). [demonic ancestry]
  1983 | D:3      | Reached XP level 4. HP: 14/38 MP: 4/4
  1983 | D:3      | Gained mutation: You are partially covered in sharp spines. [demonic ancestry]
  1983 | D:3      | Reached XP level 5. HP: 15/43 MP: 5/5
  1983 | D:3      | Reached XP level 6. HP: 17/49 MP: 6/6
  2246 | D:3      | Noticed an angel
  2247 | D:3      | Found a glowing silver altar of Zin.
  2271 | D:3      | Noticed Terence
  2280 | D:3      | Killed Terence
  2351 | D:3      | Noticed Sigmund
  2352 | D:3      | Noticed Grinder
  2391 | D:3      | Killed Grinder
  2391 | D:3      | Reached skill level 6 in Unarmed Combat
  2391 | D:3      | Reached XP level 7. HP: 41/55 MP: 7/7
  2702 | D:4      | Reached skill level 5 in Fighting
  2837 | D:4      | Noticed EternalSandwich's ghost (amateur TrMo)
  3283 | D:4      | Reached skill level 7 in Unarmed Combat
  3619 | D:4      | Found a stormy altar of Qazlal.
  3740 | D:5      | Entered Level 5 of the Dungeon
  3980 | D:5      | Found a glowing golden altar of the Shining One.
  4002 | D:5      | Noticed Pikel
  4037 | D:5      | Killed Pikel
  4037 | D:5      | Reached skill level 8 in Unarmed Combat
  4037 | D:5      | Gained mutation: You have sharp fingernails. [demonic ancestry]
  4037 | D:5      | Reached XP level 8. HP: 60/65 MP: 8/8
  4405 | D:5      | Found a sparkling altar of Nemelex Xobeh.
  4698 | D:6      | Noticed Eustachio
  4727 | D:5      | Killed Eustachio
  4806 | D:6      | Reached skill level 9 in Unarmed Combat
  4810 | D:6      | Found Funainn's Magic Scroll Boutique.
  4827 | D:6      | Found Zaaclim's Magic Scroll Shop.
  4899 | D:6      | Noticed Duvessa
  4899 | D:6      | Noticed Dowan
  4906 | D:6      | Killed Duvessa
  4909 | D:6      | Killed Dowan
  4928 | D:6      | Found Cimos's Armour Emporium.
  4992 | D:6      | Found a shadowy altar of Dithmenos.
  4993 | D:6      | Found an ancient bone altar of Kikubaaqudgha.
  5028 | D:6      | Found a staircase to the Ecumenical Temple.
  5050 | D:6      | Found Voschuppe's Magic Scroll Shoppe.
  5107 | D:6      | Found Mueheud's Armour Shop.
  5208 | D:6      | Gained mutation: You are completely covered in large bone plates (AC +4, SH +4). [demonic ancestry]
  5208 | D:6      | Reached XP level 9. HP: 69/72 MP: 9/9
  5239 | D:6      | Gained mutation: Your spells are a little harder to cast, but a little more powerful. [potion of mutation]
  5239 | D:6      | Gained mutation: Scrolls take you a little longer to read. [potion of mutation]
  5239 | D:6      | Gained mutation: Your body sometimes deteriorates upon taking damage. [potion of mutation]
  5301 | D:7      | Got a warped spear
  5764 | D:7      | Reached skill level 1 in Spellcasting
  5776 | D:7      | Reached skill level 1 in Armour
  5776 | D:7      | Reached skill level 10 in Unarmed Combat
  5936 | D:7      | Found a white marble altar of Elyvilon.
  5937 | D:7      | Found a bloodstained altar of Trog.
  6229 | D:8      | Noticed armedan's ghost (novice MiFi)
  6287 | D:8      | Killed armedan's ghost
  6287 | D:8      | Gained mutation: You are mostly covered in sharp spines. [demonic ancestry]
  6287 | D:8      | Reached XP level 10. HP: 50/80 MP: 9/13
  6553 | D:8      | Noticed Erica
  6555 | D:8      | Found a staircase to the Lair.
  6556 | D:8      | Noticed a komodo dragon
  6583 | D:8      | Killed a komodo dragon
  6587 | D:8      | Killed Erica
  6728 | D:8      | Found a deep blue altar of Sif Muna.
  6750 | D:8      | Reached skill level 11 in Unarmed Combat
  6890 | Lair:1   | Entered Level 1 of the Lair of Beasts
  6919 | Lair:1   | Reached skill level 5 in Dodging
  7074 | Lair:1   | Bought a runed shield for 162 gold pieces
  7114 | Lair:1   | Gained mutation: You have very sharp fingernails. [demonic ancestry]
  7114 | Lair:1   | Reached XP level 11. HP: 87/87 MP: 17/17
  7219 | Lair:1   | Learned a level 3 spell: Ozocubu's Armour
  7275 | Lair:1   | Reached skill level 1 in Ice Magic
  7510 | Lair:1   | Reached skill level 12 in Unarmed Combat
  7513 | Lair:1   | Reached skill level 5 in Spellcasting
  7844 | Lair:2   | Bought a glowing helmet for 126 gold pieces
  7844 | Lair:2   | Bought a pair of glowing boots for 126 gold pieces
  7859 | Lair:2   | Identified a +0 pair of boots of running (You bought it in a shop on level 2 of the Lair of Beasts)
  7859 | Lair:2   | Bought a glowing helmet for 126 gold pieces
  7998 | Lair:2   | Noticed Sovek's ghost (journeyman OgBe)
  8021 | Lair:2   | Killed Sovek's ghost
  8122 | Lair:2   | Noticed a spriggan rider
  8132 | Lair:2   | Killed a spriggan
  8132 | Lair:2   | Gained mutation: You resist negative energy. [demonic ancestry]
  8132 | Lair:2   | Reached XP level 12. HP: 86/97 MP: 20/20
  8137 | Lair:2   | Killed a wasp
  9035 | Lair:3   | Reached skill level 10 in Fighting
  9352 | Lair:3   | Noticed Gastronok
  9373 | Lair:3   | Killed Gastronok
  9707 | Lair:4   | Found a labyrinth entrance.
  9721 | Lab      | Entered a labyrinth
 10404 | Lab      | Noticed a minotaur
 10414 | Lab      | Killed a minotaur
 10488 | Lair:4   | Found a staircase to the Swamp.
 10505 | Lair:4   | Found a shimmering altar of Xom.
 10854 | Lair:4   | Found a hole to the Spider Nest.
 11119 | Lair:5   | Reached skill level 13 in Unarmed Combat
 11342 | Lair:5   | Noticed a five-headed hydra
 11348 | Lair:5   | Killed a five-headed hydra
 11397 | Lair:5   | Found a white marble altar of Elyvilon.
 11754 | Lair:5   | Noticed a seven-headed hydra
 11763 | Lair:5   | Killed a seven-headed hydra
 12244 | Lair:6   | Reached skill level 5 in Ice Magic
 12280 | Lair:6   | Noticed an eight-headed hydra
 12286 | Lair:6   | Killed an eight-headed hydra
 12286 | Lair:6   | Reached XP level 13. HP: 104/104 MP: 23/23
 12325 | Lair:6   | Noticed a six-headed hydra
 12332 | Lair:6   | Killed a six-headed hydra
 12410 | Lair:6   | Noticed a seven-headed hydra
 12424 | Lair:6   | Killed a seven-headed hydra
 12670 | Lair:6   | Noticed an ice dragon
 12692 | Lair:6   | Killed an ice dragon
 13772 | Lair:7   | Learned a level 4 spell: Condensation Shield
 13786 | Lair:8   | Entered Level 8 of the Lair of Beasts
 13982 | Lair:8   | Reached skill level 14 in Unarmed Combat
 13985 | Lair:8   | Reached skill level 1 in Charms
 14030 | Lair:8   | Found a snail-covered altar of Cheibriados.
 14258 | Lair:8   | Found a staircase to the Slime Pits.
 14542 | Lair:8   | Gained mutation: You have claws for hands. [demonic ancestry]
 14542 | Lair:8   | Reached XP level 14. HP: 83/113 MP: 21/26
 14551 | Lair:8   | Reached skill level 1 in Stealth
 14979 | Lair:8   | Reached skill level 5 in Armour
 15756 | D:9      | Found a staircase to the Orcish Mines.
 16051 | D:9      | Found Wodyuxa's Serpentskin Sales.
 16158 | D:9      | Noticed Psyche
 16163 | D:9      | Killed Psyche
 16343 | D:9      | Found a basalt altar of Yredelemnul.
 16378 | D:10     | Entered Level 10 of the Dungeon
 17252 | D:11     | Noticed Harold
 17252 | D:11     | Noticed Nergalle
 17264 | D:11     | Killed Nergalle
 17267 | D:11     | Found a portal to a secret trove of treasure.
 17271 | D:11     | Killed Harold
 17352 | D:11     | Gained mutation: You are robust (+10% HP). [potion of beneficial mutation]
 17777 | D:12     | Noticed Nessos
 17796 | D:12     | Killed Nessos
 17819 | D:12     | Learned a level 2 spell: Repel Missiles
 18299 | D:13     | Found a gate to the Vaults.
 18299 | D:13     | Noticed Rupert
 18324 | D:12     | Killed Rupert
 18324 | D:12     | Reached XP level 15. HP: 46/131 MP: 9/28
 18757 | D:13     | Gained mutation: Your magical capacity is low (-10% MP). [potion of mutation]
 18757 | D:13     | Gained mutation: Armour fits poorly on your strangely shaped body. [potion of mutation]
 19344 | D:13     | Bought a pitted cloak for 294 gold pieces
 19346 | D:13     | Identified the +1 cloak "Amem" {rElec Dex+4} (You bought it in a shop on level 13 of the Dungeon)
 19423 | D:14     | Reached skill level 15 in Unarmed Combat
 19658 | D:14     | Reached skill level 10 in Spellcasting
 20554 | D:15     | Entered Level 15 of the Dungeon
 20667 | D:15     | Found a white marble altar of Elyvilon.
 20819 | D:15     | Found a staircase to the Depths.
 20893 | D:15     | Reached skill level 5 in Charms
 20948 | D:15     | Noticed Sonja
 20949 | D:15     | Lost mutation: Your magical capacity is low (-10% MP). [potion of cure mutation]
 20949 | D:15     | Lost mutation: Your body sometimes deteriorates upon taking damage. [potion of cure mutation]
 20949 | D:15     | Lost mutation: Scrolls take you a little longer to read. [potion of cure mutation]
 20949 | D:15     | Lost mutation: You are robust (+10% HP). [potion of cure mutation]
 21394 | D:15     | Killed Sonja
 21918 | Orc:1    | Entered Level 1 of the Orcish Mines
 22049 | Orc:1    | Found a frozen archway.
 22069 | Orc:1    | Reached skill level 5 in Stealth
 22074 | IceCv    | Entered an ice cave
 22180 | IceCv    | Gained mutation: You are significantly more attuned to the shadows. [demonic ancestry]
 22180 | IceCv    | Reached XP level 16. HP: 109/127 MP: 29/30
 22293 | IceCv    | Noticed EternalSandwich's ghost (journeyman TrMo)
 22302 | IceCv    | Killed EternalSandwich's ghost
 22473 | IceCv    | Slain by a frost giant

Action                   |  1- 3 |  4- 6 |  7- 9 | 10-12 | 13-15 | 16-18 || total
-------------------------+-------+-------+-------+-------+-------+-------++-------
Melee: Unarmed           |   220 |    30 |   286 |   647 |  1402 |    88 ||  2673
       Scimitar          |       |       |       |       |    12 |       ||    12
Throw: Throwing net      |       |     1 |     1 |     1 |     1 |       ||     4
 Cast: Ozocubu's Armour  |       |       |       |       |     3 |       ||     3
Invok: Potion Petition   |     1 |       |       |     1 |     2 |       ||     4
       Call Merchant     |       |       |       |     2 |     3 |       ||     5
Evoke: Wand              |       |       |     7 |    13 |    17 |       ||    37
  Use: Potion            |     1 |     3 |     6 |       |    13 |     2 ||    25
       Scroll            |       |       |       |    17 |     8 |       ||    25
 Stab: Sleeping          |     3 |     1 |     9 |    15 |    31 |       ||    59
       Held in net/web   |       |     1 |     1 |     2 |       |       ||     4
       Distracted        |       |       |     2 |    11 |    22 |     4 ||    39
       Invisible         |       |       |       |     2 |     8 |       ||    10
  Eat: Chunk             |     2 |       |       |       |       |       ||     2
       Pizza             |       |     1 |       |     1 |     4 |       ||     6
       Bread ration      |       |       |     3 |     1 |       |       ||     4
       Beef jerky        |       |       |     2 |     2 |     1 |       ||     5
       Fruit             |       |       |       |    12 |    22 |       ||    34
       Meat ration       |       |       |       |       |     2 |       ||     2
